ARIZONA Coyotes vs ANAHEIM Ducks

Created - 3 mars 2024 at 14:48

Goals
1 2 3 T
ARIZONA Coyotes 3 1 0 4
ANAHEIM Ducks 0 0 1 1
Shots
1 2 3 T
ARIZONA Coyotes 14 9 9 32
ANAHEIM Ducks 5 5 9 19

1st period

1. ARIZONA Coyotes , Artemi Panarin 13 (Roman Josi 38, Auston Matthews 30) at 0:40
2. ARIZONA Coyotes , Alec Martinez 3 (Morgan Frost 1, Jonas Siegenthaler 18) at 4:27
3. ARIZONA Coyotes , Pierre-Edouard Bellemare 7 (Brandon Sutter 5, Vladislav Gavrikov 11) at 16:15

Penalties :
Ryan Lindgren (ANA) for Delaying the game (Minor) at 1:41, Mark Scheifele (ARI) for Slashing (Minor) at 5:28, Justin Holl (ANA) for Tripping (Minor) at 9:02

2nd period

4. ARIZONA Coyotes , Ryan Nugent-Hopkins 20 (Mark Scheifele 22, Scott Mayfield 14) at 3:58

Penalties :
Ryan Lindgren (ANA) for Tripping (Minor) at 10:46, Joel Farabee (ANA) for Fighting (Major) at 18:18, Vladislav Gavrikov (ARI) for Fighting (Major) at 18:18

3rd period

5. ANAHEIM Ducks , Derick Brassard 2 (Nic Dowd 5, Justin Holl 7) at 8:01

Penalties :
David Kampf (ANA) for Interference (Minor) at 4:43, Nic Dowd (ANA) for Slashing (Minor) at 11:18, MacKenzie Weegar (ANA) for Delaying the game (Minor) at 14:15

Goalie Stats

Andrei Vasilevskiy (ARI), 18 saves from 19 shots - (0,947), W, 26-7-2, 60:00 minutes
Philipp Grubauer (ANA), 12 saves from 16 shots - (0,750), L, 17-14-0, 23:58 minutes
Brian Elliott (ANA), 16 saves from 16 shots - (1,000), 36:02 minutes

Players Stats for ARIZONA Coyotes

Player Name              G  A  P  +/- PIM S  H  SB GA TA FO     MP     PP MP  PK MP  
------------------------------------------------------------------------------------
Alec Martinez            1  0  1   1  0   1  0  2  0  0  0/0    16:40   0:00   0:44 
Artemi Panarin           1  0  1   0  0   3  1  0  0  0  2/2    23:45   6:31   0:00 
Auston Matthews          0  1  1   0  0   3  2  0  0  0  18/34  23:45   6:31   0:00 
Brandon Sutter           0  1  1   2  0   2  0  0  0  0  3/8     8:13   0:00   1:21 
Frederick Gaudreau       0  0  0   0  0   0  0  0  0  0  3/5     9:55   0:00   0:38 
Jonas Siegenthaler       0  1  1   1  0   0  2  1  0  0  0/0    16:20   0:00   1:15 
Mark Scheifele           0  1  1   1  2   3  2  0  0  0  3/10   19:14   6:31   0:00 
Michael Bunting          0  0  0   0  0   4  1  0  0  0  1/2    14:08   4:51   0:00 
Mikey Anderson           0  0  0   1  0   0  2  1  0  0  0/0    13:20   0:00   0:00 
Morgan Frost             0  1  1   2  0   2  0  0  0  0  0/0     6:52   0:00   0:00 
Pierre-Edouard Bellemare 1  0  1   2  0   1  0  0  0  0  0/0     7:10   0:00   0:18 
Rickard Rakell           0  0  0   1  0   2  2  0  0  0  0/2    18:27   5:23   0:20 
Roman Josi               0  1  1   1  0   4  2  1  0  0  0/0    25:43   7:03   0:00 
Ryan Hartman             0  0  0   0  0   0  0  0  0  0  0/0    14:58   5:23   0:00 
Ryan Nugent-Hopkins      1  0  1   1  0   5  1  0  0  0  0/0    21:08   7:03   1:21 
Sam Reinhart             0  0  0   0  0   1  0  0  0  0  6/8    22:37   5:23   0:00 
Scott Mayfield           0  1  1   1  0   1  1  0  0  0  0/0    19:17   4:51   1:15 
Vladislav Gavrikov       0  1  1   1  5   0  5  1  0  0  0/0    16:27   0:00   0:44 

Players Stats for ANAHEIM Ducks

Player Name              G  A  P  +/- PIM S  H  SB GA TA FO     MP     PP MP  PK MP  
------------------------------------------------------------------------------------
Brayden Point            0  0  0  -3  0   6  0  0  0  0  9/19   18:18   1:02   0:00 
Brett Pesce              0  0  0  -3  0   1  1  4  0  0  0/0    25:41   1:02   6:49 
Chandler Stephenson      0  0  0  -1  0   2  1  0  0  0  0/1    22:27   0:57   7:23 
David Kampf              0  0  0   0  2   1  0  1  0  0  3/9    12:48   0:00   3:41 
Derick Brassard          1  0  1   1  0   1  0  0  0  0  0/0     6:26   0:00   0:50 
Elias Lindholm           0  0  0  -1  0   1  1  0  0  0  13/27  22:27   0:57   7:23 
Jeff Carter              0  0  0   0  0   1  2  1  0  0  4/7    15:26   0:00   4:31 
Joel Farabee             0  0  0  -1  5   0  2  0  0  0  0/0    13:16   0:57   0:00 
Justin Holl              0  1  1   1  2   0  1  1  0  0  0/0    17:39   0:00   5:36 
MacKenzie Weegar         0  0  0  -3  2   0  1  3  0  0  0/0    23:45   0:57   4:59 
Mark Giordano            0  0  0  -1  0   1  3  2  0  0  0/0    17:15   1:02   0:00 
Nathan MacKinnon         0  0  0  -3  0   1  1  1  0  0  0/0    18:18   1:02   0:00 
Nic Dowd                 0  1  1   1  2   1  0  0  0  0  5/6     5:35   0:00   0:00 
Nick Paul                0  0  0  -3  0   0  0  1  0  0  1/1    18:18   1:02   0:00 
Patrick Maroon           0  0  0   1  0   0  1  0  0  0  0/0     5:36   0:00   0:00 
Ryan Lindgren            0  0  0  -1  4   0  1  4  0  0  0/0    20:04   0:00   3:53 
Seth Jones               0  0  0   1  0   1  1  1  0  0  0/0    15:32   0:57   2:31 
Warren Foegele           0  0  0   0  0   2  1  0  0  0  0/1     9:08   0:00   0:00 

3 Stars

1 - Pierre-Edouard Bellemare (ARI)
2 - Ryan Nugent-Hopkins (ARI)
3 - Alec Martinez (ARI)

Power Play

ARIZONA Coyotes - 0 on 6 Attempt(s) - 0,00%
ANAHEIM Ducks - 0 on 1 Attempt(s) - 0,00%

Penalty Kill

ARIZONA Coyotes - 1 on 1 Attempt(s) - 100,00% - Score 0 goal in Penalty Kill
ANAHEIM Ducks - 6 on 6 Attempt(s) - 100,00% - Score 0 goal in Penalty Kill

Team Stat

ARIZONA Coyotes - Hits : 21 - Faceoff Wins : 36 - Blocked Shots : 6 - Penalty Minutes : 7
ANAHEIM Ducks - Hits : 17 - Faceoff Wins : 35 - Blocked Shots : 19 - Penalty Minutes : 17

Official

Referees : Elizabeth Mantha and Justin Kea
Linesman : Anna Hammar and Owen Gidlow

Game Notes

Brian Elliott enters game at 3:58 of 2nd period
Joel Farabee and Vladislav Gavrikov fight to a draw at 18:18 of 2nd period

Finance

Level 1 -- Attendance: 5130 (85,50%) -- Ticket Income $513,000
Level 2 -- Attendance: 4014 (80,28%) -- Ticket Income $240,840
Level 3 -- Attendance: 2000 (100,00%) -- Ticket Income $70,000
Level 4 -- Attendance: 4000 (100,00%) -- Ticket Income $80,000
Luxury Box -- Attendance: 745 (74,50%) -- Ticket Income $149,000
Game was played at the Honda Center.
Total Attendance: 15889 (88,27%)
Total Ticket Income: $1,052,840
Other Income: $263,210
Total Income: $1,316,050

ARIZONA Coyotes

5 vs 5 Forward 
   Center                   Left Wing                Right Wing               Time % Phy DF OF 
 1 Auston Matthews          Artemi Panarin           Sam Reinhart             52     1   1  3  
 2 Mark Scheifele           Ryan Nugent-Hopkins      Rickard Rakell           40     1   1  3  
 3 Frederick Gaudreau       Michael Bunting          Ryan Hartman             8      1   2  2  
 4 Brandon Sutter           Morgan Frost             Pierre-Edouard Bellemare 0      1   3  1  

5 vs 5 Defense 
   Defense                  Defense                                           Time % Phy DF OF 
 1 Roman Josi               Vladislav Gavrikov                                50     1   2  2  
 2 Alec Martinez            Jonas Siegenthaler                                30     1   2  2  
 3 Scott Mayfield           Mikey Anderson                                    20     1   2  2  
 4 Roman Josi               Scott Mayfield                                    0      1   2  2  

PowerPlay Forward 
   Center                   Left Wing                Right Wing               Time % Phy DF OF 
 1 Auston Matthews          Mark Scheifele           Artemi Panarin           80     0   1  4  
 2 Sam Reinhart             Rickard Rakell           Ryan Hartman             20     1   1  3  

PowerPlay Defense
   Defense                  Defense                                           Time % Phy DF OF 
 1 Roman Josi               Ryan Nugent-Hopkins                               80     0   2  3  
 2 Scott Mayfield           Michael Bunting                                   20     1   2  2  

Penalty Kill 4 Players Forward 
   Center                   Wing                     Time % Phy DF OF 
 1 Brandon Sutter           Ryan Nugent-Hopkins      70     1   3  1  
 2 Frederick Gaudreau       Pierre-Edouard Bellemare 30     1   4  0  

Penalty Kill 4 Players Defense
   Defense                  Defense                  Time % Phy DF OF 
 1 Vladislav Gavrikov       Alec Martinez            69     1   3  1  
 2 Scott Mayfield           Jonas Siegenthaler       31     2   3  0  

Penalty Kill - 3 Players Forward 
   Forward                                           Time % Phy DF OF 
 1 Brandon Sutter                                    60     1   4  0  
 2 Frederick Gaudreau                                40     1   3  1  

Penalty Kill - 3 Players Defense
   Defense                  Defense                  Time % Phy DF OF 
 1 Scott Mayfield           Alec Martinez            60     2   3  0  
 2 Scott Mayfield           Jonas Siegenthaler       40     2   3  0  

4 vs 4 Forward 
   Center                   Wing                     Time % Phy DF OF 
 1 Auston Matthews          Artemi Panarin           60     1   2  2  
 2 Mark Scheifele           Ryan Nugent-Hopkins      40     1   2  2  

4 vs 4 Defense
   Defense                  Defense                  Time % Phy DF OF 
 1 Roman Josi               Scott Mayfield           60     1   2  2  
 2 Alec Martinez            Jonas Siegenthaler       40     1   2  2  

Last Minutes Offensive
   Center                   Left Wing                Right Wing               Defense                  Defense                  
   Auston Matthews          Artemi Panarin           Sam Reinhart             Roman Josi               Ryan Nugent-Hopkins      

Last Minutes Defensive
   Center                   Left Wing                Right Wing               Defense                  Defense                  
   Brandon Sutter           Frederick Gaudreau       Pierre-Edouard Bellemare Vladislav Gavrikov       Alec Martinez            

Goaltenders
Starting : Andrei Vasilevskiy       
Backup : Kevin Lankinen           

Extra Forwards
Normal : Michael Bunting, Artemi Panarin, Frederick Gaudreau - PP : Michael Bunting, Artemi Panarin - PK : Frederick Gaudreau
Extra Defensemen
Normal : Mikey Anderson, Vladislav Gavrikov, Alec Martinez - PP : Mikey Anderson - PK : Vladislav Gavrikov, Alec Martinez
Penalty Shots
Auston Matthews, Ryan Nugent-Hopkins, Mark Scheifele, Sam Reinhart, Rickard Rakell

Scratches
Nick Bonino (Healthy)

ANAHEIM Ducks

5 vs 5 Forward 
   Center                   Left Wing                Right Wing               Time % Phy DF OF 
 1 Brayden Point            Nick Paul                Nathan MacKinnon         35     0   2  3  
 2 Elias Lindholm           Chandler Stephenson      Joel Farabee             35     0   2  3  
 3 David Kampf              Warren Foegele           Jeff Carter              20     1   2  2  
 4 Nic Dowd                 Derick Brassard          Patrick Maroon           10     1   3  1  

5 vs 5 Defense 
   Defense                  Defense                                           Time % Phy DF OF 
 1 Brett Pesce              MacKenzie Weegar                                  40     1   2  2  
 2 Mark Giordano            Ryan Lindgren                                     35     1   2  2  
 3 Justin Holl              Seth Jones                                        20     2   2  1  
 4 Brett Pesce              MacKenzie Weegar                                  5      2   2  1  

PowerPlay Forward 
   Center                   Left Wing                Right Wing               Time % Phy DF OF 
 1 Brayden Point            Nick Paul                Nathan MacKinnon         60     0   1  4  
 2 Elias Lindholm           Chandler Stephenson      Joel Farabee             40     0   1  4  

PowerPlay Defense
   Defense                  Defense                                           Time % Phy DF OF 
 1 Seth Jones               MacKenzie Weegar                                  60     0   1  4  
 2 Mark Giordano            Brett Pesce                                       40     0   1  4  

Penalty Kill 4 Players Forward 
   Center                   Wing                     Time % Phy DF OF 
 1 Elias Lindholm           Chandler Stephenson      60     1   3  1  
 2 Jeff Carter              David Kampf              40     1   3  1  

Penalty Kill 4 Players Defense
   Defense                  Defense                  Time % Phy DF OF 
 1 Brett Pesce              Ryan Lindgren            60     1   3  1  
 2 MacKenzie Weegar         Justin Holl              40     1   3  1  

Penalty Kill - 3 Players Forward 
   Forward                                           Time % Phy DF OF 
 1 Elias Lindholm                                    60     1   4  0  
 2 Chandler Stephenson                               40     1   4  0  

Penalty Kill - 3 Players Defense
   Defense                  Defense                  Time % Phy DF OF 
 1 Brett Pesce              Ryan Lindgren            60     1   4  0  
 2 MacKenzie Weegar         Justin Holl              40     1   4  0  

4 vs 4 Forward 
   Center                   Wing                     Time % Phy DF OF 
 1 Elias Lindholm           Nathan MacKinnon         60     1   2  2  
 2 Chandler Stephenson      Brayden Point            40     1   2  2  

4 vs 4 Defense
   Defense                  Defense                  Time % Phy DF OF 
 1 MacKenzie Weegar         Brett Pesce              60     1   2  2  
 2 Mark Giordano            Ryan Lindgren            40     1   2  2  

Last Minutes Offensive
   Center                   Left Wing                Right Wing               Defense                  Defense                  
   Elias Lindholm           Brayden Point            Nathan MacKinnon         Seth Jones               MacKenzie Weegar         

Last Minutes Defensive
   Center                   Left Wing                Right Wing               Defense                  Defense                  
   Elias Lindholm           Chandler Stephenson      David Kampf              Ryan Lindgren            Brett Pesce              

Goaltenders
Starting : Philipp Grubauer         
Backup : Brian Elliott            

Extra Forwards
Normal : Jeff Carter, Nick Paul, Joel Farabee - PP : Jeff Carter, Nick Paul - PK : Jeff Carter
Extra Defensemen
Normal : Brett Pesce, Justin Holl, Ryan Lindgren - PP : Brett Pesce - PK : Brett Pesce, Justin Holl
Penalty Shots
Nathan MacKinnon, Brayden Point, Elias Lindholm, Chandler Stephenson, Nick Paul

Scratches
None


% Time on Ice - ARIZONA Coyotes

Lines # - Real PCT - Wanted PCT - Time Play
Normal Forward
1 - 37% - 52% - 17:14
2 - 28% - 40% - 12:44
3 - 20% - 8% - 9:17
4 - 15% - 0% - 6:52
Normal Defense
1 - 41% - 50% - 18:58
2 - 32% - 30% - 14:47
3 - 27% - 20% - 12:22
4 - 0% - 0% - 0:00
PP Forward
1 - 55% - 80% - 6:31
2 - 45% - 20% - 5:23
PP Defense
1 - 59% - 80% - 7:03
2 - 41% - 20% - 4:51
PK Forward
1 - 85% - 70% - 1:41
2 - 15% - 30% - 0:18
PK Defense
1 - 37% - 69% - 0:44
2 - 63% - 31% - 1:15
PK3 Forward
1 - 0% - 60%
2 - 0% - 40%
PK3 Defense
1 - 0% - 60%
2 - 0% - 40%
44 Forward
1 - 0% - 60%
2 - 0% - 40%
44 Defense
1 - 0% - 60%
2 - 0% - 40%
Last Minute Offensive  - 0:00
Last Minute Defensive  - 0:00
Total
Forward - 60:00
Defense - 60:00

% Time on Ice - ANAHEIM Ducks

Lines # - Real PCT - Wanted PCT - Time Play
Normal Forward
1 - 37% - 35% - 17:16
2 - 31% - 35% - 14:07
3 - 20% - 20% - 9:08
4 - 12% - 10% - 5:36
Normal Defense
1 - 39% - 40% - 17:50
2 - 35% - 35% - 16:13
3 - 26% - 20% - 12:04
4 - 0% - 5% - 0:00
PP Forward
1 - 52% - 60% - 1:02
2 - 48% - 40% - 0:57
PP Defense
1 - 48% - 60% - 0:57
2 - 52% - 40% - 1:02
PK Forward
1 - 65% - 60% - 7:41
2 - 35% - 40% - 4:13
PK Defense
1 - 52% - 60% - 6:08
2 - 48% - 40% - 5:46
PK3 Forward
1 - 0% - 60%
2 - 0% - 40%
PK3 Defense
1 - 0% - 60%
2 - 0% - 40%
44 Forward
1 - 0% - 60%
2 - 0% - 40%
44 Defense
1 - 0% - 60%
2 - 0% - 40%
Last Minute Offensive  - 0:00
Last Minute Defensive  - 0:00
Total
Forward - 60:00
Defense - 60:00

Play-by-Play

1st period


0:01 of 1st period - Auston Matthews wins face-off versus Brayden Point in neutral zone.
0:40 of 1st period - Shot by Artemi Panarin.
0:40 of 1st period - Goal by Artemi Panarin - ARIZONA Coyotes : 1 - ANAHEIM Ducks : 0.
0:41 of 1st period - Elias Lindholm wins face-off versus Mark Scheifele in neutral zone.
0:52 of 1st period - Shot by Mark Scheifele.
0:52 of 1st period - Shot Misses the Net.
1:01 of 1st period - Icing by Joel Farabee.
1:02 of 1st period - Frederick Gaudreau wins face-off versus Elias Lindholm in ANAHEIM Ducks zone.
1:25 of 1st period - Shot by Chandler Stephenson.
1:25 of 1st period - Deflect By Elias Lindholm.
1:25 of 1st period - Shot Blocked by Mikey Anderson.
1:30 of 1st period - Ryan Hartman is hit by Joel Farabee and loses puck.
1:41 of 1st period - Shot by Michael Bunting.
1:41 of 1st period - Stopped by Philipp Grubauer without a rebound.
1:41 of 1st period - Minor Penalty to Ryan Lindgren for Delaying the game.
1:42 of 1st period - Elias Lindholm wins face-off versus Auston Matthews in ANAHEIM Ducks zone.
2:21 of 1st period - Shot by Artemi Panarin.
2:21 of 1st period - Stopped by Philipp Grubauer without a rebound.
2:22 of 1st period - Sam Reinhart wins face-off versus Elias Lindholm in ANAHEIM Ducks zone.
3:18 of 1st period - Shot by Roman Josi.
3:18 of 1st period - Shot Blocked by Jeff Carter.
3:20 of 1st period - Shot by Roman Josi.
3:20 of 1st period - Shot Blocked by David Kampf.
3:22 of 1st period - Shot by Roman Josi.
3:22 of 1st period - Shot Misses the Net.
3:32 of 1st period - Shot by Auston Matthews.
3:32 of 1st period - Stopped by Philipp Grubauer without a rebound.
3:33 of 1st period - Elias Lindholm wins face-off versus Auston Matthews in ANAHEIM Ducks zone.
3:59 of 1st period - Icing by Alec Martinez.
4:00 of 1st period - Brayden Point wins face-off versus Brandon Sutter in ARIZONA Coyotes zone.
4:23 of 1st period - Shot by Morgan Frost.
4:23 of 1st period - Shot Blocked by MacKenzie Weegar.
4:25 of 1st period - Shot by Morgan Frost.
4:25 of 1st period - Shot Blocked by Brett Pesce.
4:27 of 1st period - Shot by Alec Martinez.
4:27 of 1st period - Goal by Alec Martinez - ARIZONA Coyotes : 2 - ANAHEIM Ducks : 0.
4:28 of 1st period - David Kampf wins face-off versus Auston Matthews in neutral zone.
4:28 of 1st period - Warren Foegele is hit by Artemi Panarin and loses puck.
5:28 of 1st period - Minor Penalty to Mark Scheifele for Slashing.
5:29 of 1st period - Nick Paul wins face-off versus Brandon Sutter in ARIZONA Coyotes zone.
5:39 of 1st period - Brayden Point is hit by Scott Mayfield and loses puck.
5:46 of 1st period - Shot by Brett Pesce.
5:46 of 1st period - Stopped by Andrei Vasilevskiy with a rebound.
5:48 of 1st period - Shot by Mark Giordano.
5:48 of 1st period - Stopped by Andrei Vasilevskiy without a rebound.
5:49 of 1st period - Brandon Sutter wins face-off versus Elias Lindholm in ARIZONA Coyotes zone.
7:18 of 1st period - Shot by Brayden Point.
7:18 of 1st period - Stopped by Andrei Vasilevskiy without a rebound.
7:19 of 1st period - Elias Lindholm wins face-off versus Brandon Sutter in ARIZONA Coyotes zone.
7:51 of 1st period - David Kampf is hit by Vladislav Gavrikov and loses puck.
8:33 of 1st period - Icing by Jonas Siegenthaler.
8:34 of 1st period - Brayden Point wins face-off versus Frederick Gaudreau in ARIZONA Coyotes zone.
8:34 of 1st period - Brayden Point is hit by Jonas Siegenthaler.
8:40 of 1st period - Shot by Nick Paul.
8:40 of 1st period - Shot Blocked by Alec Martinez.
8:42 of 1st period - Shot by Brayden Point.
8:42 of 1st period - Stopped by Andrei Vasilevskiy without a rebound.
8:43 of 1st period - Elias Lindholm wins face-off versus Rickard Rakell in ARIZONA Coyotes zone.
8:52 of 1st period - Shot by Rickard Rakell.
8:52 of 1st period - Shot Misses the Net.
9:00 of 1st period - Shot by Ryan Nugent-Hopkins.
9:00 of 1st period - Stopped by Philipp Grubauer without a rebound.
9:01 of 1st period - Auston Matthews wins face-off versus Brayden Point in ANAHEIM Ducks zone.
9:01 of 1st period - Auston Matthews is hit by Seth Jones.
9:02 of 1st period - Minor Penalty to Justin Holl for Tripping.
9:03 of 1st period - Elias Lindholm wins face-off versus Auston Matthews in ANAHEIM Ducks zone.
9:14 of 1st period - Shot by Roman Josi.
9:14 of 1st period - Stopped by Philipp Grubauer with a rebound.
9:16 of 1st period - Shot by Ryan Nugent-Hopkins.
9:16 of 1st period - Deflect By Mark Scheifele.
9:16 of 1st period - Stopped by Philipp Grubauer without a rebound.
9:17 of 1st period - Elias Lindholm wins face-off versus Auston Matthews in ANAHEIM Ducks zone.
9:23 of 1st period - Icing by Roman Josi.
9:24 of 1st period - Auston Matthews wins face-off versus Elias Lindholm in ARIZONA Coyotes zone.
10:35 of 1st period - Shot by Ryan Hartman.
10:35 of 1st period - Shot Blocked by MacKenzie Weegar.
10:37 of 1st period - Shot by Scott Mayfield.
10:37 of 1st period - Shot Misses the Net.
10:39 of 1st period - Shot by Rickard Rakell.
10:39 of 1st period - Stopped by Philipp Grubauer without a rebound.
10:40 of 1st period - Sam Reinhart wins face-off versus Elias Lindholm in ANAHEIM Ducks zone.
10:43 of 1st period - Shot by Scott Mayfield.
10:43 of 1st period - Shot Misses the Net.
10:52 of 1st period - Ryan Hartman is hit by Brett Pesce and loses puck.
12:05 of 1st period - Ryan Lindgren is hit by Mark Scheifele.
12:12 of 1st period - Icing by Vladislav Gavrikov.
12:13 of 1st period - Elias Lindholm wins face-off versus Rickard Rakell in ARIZONA Coyotes zone.
12:13 of 1st period - Brett Pesce is hit by Vladislav Gavrikov and loses puck.
12:49 of 1st period - Joel Farabee is hit by Vladislav Gavrikov and loses puck.
12:55 of 1st period - Elias Lindholm is hit by Vladislav Gavrikov and loses puck.
13:17 of 1st period - David Kampf is hit by Vladislav Gavrikov and loses puck.
13:39 of 1st period - Icing by Ryan Lindgren.
13:40 of 1st period - Auston Matthews wins face-off versus David Kampf in ANAHEIM Ducks zone.
13:40 of 1st period - Auston Matthews is hit by Mark Giordano.
14:11 of 1st period - Shot by Nick Paul.
14:11 of 1st period - Deflect By Brayden Point.
14:11 of 1st period - Stopped by Andrei Vasilevskiy with a rebound.
14:13 of 1st period - Shot by Nathan MacKinnon.
14:13 of 1st period - Shot Misses the Net.
15:11 of 1st period - Shot by Frederick Gaudreau.
15:11 of 1st period - Shot Misses the Net.
15:13 of 1st period - Shot by Scott Mayfield.
15:13 of 1st period - Shot Misses the Net.
16:07 of 1st period - Shot by Morgan Frost.
16:07 of 1st period - Stopped by Philipp Grubauer with a rebound.
16:09 of 1st period - Shot by Vladislav Gavrikov.
16:09 of 1st period - Shot Blocked by MacKenzie Weegar.
16:11 of 1st period - Shot by Pierre-Edouard Bellemare.
16:11 of 1st period - Shot Misses the Net.
16:13 of 1st period - Shot by Pierre-Edouard Bellemare.
16:13 of 1st period - Shot Misses the Net.
16:15 of 1st period - Shot by Brandon Sutter.
16:15 of 1st period - Deflect By Pierre-Edouard Bellemare.
16:15 of 1st period - Goal by Pierre-Edouard Bellemare - ARIZONA Coyotes : 3 - ANAHEIM Ducks : 0.
16:16 of 1st period - Brayden Point wins face-off versus Mark Scheifele in neutral zone.
16:41 of 1st period - Shot by Roman Josi.
16:41 of 1st period - Stopped by Philipp Grubauer with a rebound.
16:49 of 1st period - Shot by Rickard Rakell.
16:49 of 1st period - Stopped by Philipp Grubauer without a rebound.
16:50 of 1st period - Nic Dowd wins face-off versus Brandon Sutter in ANAHEIM Ducks zone.
17:08 of 1st period - Shot by Morgan Frost.
17:08 of 1st period - Stopped by Philipp Grubauer without a rebound.
17:09 of 1st period - Auston Matthews wins face-off versus David Kampf in ANAHEIM Ducks zone.
17:13 of 1st period - Icing by Ryan Lindgren.
17:14 of 1st period - Auston Matthews wins face-off versus David Kampf in ANAHEIM Ducks zone.
17:32 of 1st period - Icing by Artemi Panarin.
17:33 of 1st period - Artemi Panarin wins face-off versus Brayden Point in ARIZONA Coyotes zone.
18:08 of 1st period - Shot by Nick Paul.
18:08 of 1st period - Shot Misses the Net.
18:37 of 1st period - Icing by Ryan Lindgren.
18:38 of 1st period - Elias Lindholm wins face-off versus Mark Scheifele in ANAHEIM Ducks zone.
19:01 of 1st period - Shot by Vladislav Gavrikov.
19:01 of 1st period - Shot Misses the Net.
19:17 of 1st period - Shot by Ryan Lindgren.
19:17 of 1st period - Shot Misses the Net.
19:19 of 1st period - Shot by Mark Giordano.
19:19 of 1st period - Shot Blocked by Roman Josi.
19:21 of 1st period - Shot by Joel Farabee.
19:21 of 1st period - Shot Blocked by Vladislav Gavrikov.
Goals for this period are 3 for ARIZONA Coyotes vs 0 for ANAHEIM Ducks.
Shots for this period are 14 for ARIZONA Coyotes vs 5 for ANAHEIM Ducks.

2nd period


0:01 of 2nd period - Auston Matthews wins face-off versus Brayden Point in neutral zone.
0:04 of 2nd period - Shot by Auston Matthews.
0:04 of 2nd period - Stopped by Philipp Grubauer without a rebound.
0:05 of 2nd period - Artemi Panarin wins face-off versus Brayden Point in ANAHEIM Ducks zone.
0:23 of 2nd period - Nathan MacKinnon is hit by Roman Josi and loses puck.
0:40 of 2nd period - Shot by Nathan MacKinnon.
0:40 of 2nd period - Deflect By Brayden Point.
0:40 of 2nd period - Stopped by Andrei Vasilevskiy without a rebound.
0:41 of 2nd period - Elias Lindholm wins face-off versus Mark Scheifele in ARIZONA Coyotes zone.
1:01 of 2nd period - Ryan Nugent-Hopkins is hit by Joel Farabee and loses puck.
2:02 of 2nd period - Icing by Vladislav Gavrikov.
2:03 of 2nd period - Brayden Point wins face-off versus Auston Matthews in ARIZONA Coyotes zone.
2:19 of 2nd period - Icing by Auston Matthews.
2:20 of 2nd period - Nic Dowd wins face-off versus Auston Matthews in ARIZONA Coyotes zone.
2:39 of 2nd period - Shot by Derick Brassard.
2:39 of 2nd period - Shot Misses the Net.
2:55 of 2nd period - Shot by Derick Brassard.
2:55 of 2nd period - Deflect By Nic Dowd.
2:55 of 2nd period - Stopped by Andrei Vasilevskiy without a rebound.
2:56 of 2nd period - Frederick Gaudreau wins face-off versus Brayden Point in ARIZONA Coyotes zone.
3:05 of 2nd period - Shot by Michael Bunting.
3:05 of 2nd period - Shot Misses the Net.
3:16 of 2nd period - Michael Bunting is hit by Mark Giordano and loses puck.
3:21 of 2nd period - Shot by Michael Bunting.
3:21 of 2nd period - Shot Blocked by Ryan Lindgren.
3:56 of 2nd period - Shot by Ryan Nugent-Hopkins.
3:56 of 2nd period - Deflect By Mark Scheifele.
3:56 of 2nd period - Shot Blocked by Mark Giordano.
3:58 of 2nd period - Shot by Ryan Nugent-Hopkins.
3:58 of 2nd period - Goal by Ryan Nugent-Hopkins - ARIZONA Coyotes : 4 - ANAHEIM Ducks : 0.
3:58 of 2nd period - Brian Elliott enters game.
3:59 of 2nd period - Auston Matthews wins face-off versus Elias Lindholm in neutral zone.
4:50 of 2nd period - Icing by Brett Pesce.
4:51 of 2nd period - Elias Lindholm wins face-off versus Mark Scheifele in ANAHEIM Ducks zone.
4:56 of 2nd period - Shot by Mark Scheifele.
4:56 of 2nd period - Shot Blocked by Brett Pesce.
5:06 of 2nd period - Shot by Mark Scheifele.
5:06 of 2nd period - Shot Misses the Net.
5:08 of 2nd period - Shot by Ryan Nugent-Hopkins.
5:08 of 2nd period - Deflect By Rickard Rakell.
5:08 of 2nd period - Shot Misses the Net.
5:10 of 2nd period - Shot by Alec Martinez.
5:10 of 2nd period - Shot Misses the Net.
5:16 of 2nd period - Shot by Mark Scheifele.
5:16 of 2nd period - Deflect By Ryan Nugent-Hopkins.
5:16 of 2nd period - Shot Hit the Post.
5:18 of 2nd period - Shot by Jonas Siegenthaler.
5:18 of 2nd period - Shot Misses the Net.
6:05 of 2nd period - Shot by Frederick Gaudreau.
6:05 of 2nd period - Shot Misses the Net.
6:09 of 2nd period - Shot by Michael Bunting.
6:09 of 2nd period - Stopped by Brian Elliott without a rebound.
6:10 of 2nd period - David Kampf wins face-off versus Auston Matthews in ANAHEIM Ducks zone.
10:03 of 2nd period - Shot by Auston Matthews.
10:03 of 2nd period - Shot Misses the Net.
10:15 of 2nd period - Shot by Artemi Panarin.
10:15 of 2nd period - Shot Misses the Net.
10:26 of 2nd period - Sam Reinhart is hit by Mark Giordano.
10:36 of 2nd period - Chandler Stephenson is hit by Ryan Nugent-Hopkins and loses puck.
10:43 of 2nd period - Shot by Mark Scheifele.
10:43 of 2nd period - Stopped by Brian Elliott with a rebound.
10:45 of 2nd period - Shot by Ryan Nugent-Hopkins.
10:45 of 2nd period - Deflect By Mark Scheifele.
10:45 of 2nd period - Stopped by Brian Elliott with a rebound.
10:46 of 2nd period - Minor Penalty to Ryan Lindgren for Tripping.
10:47 of 2nd period - Auston Matthews wins face-off versus Jeff Carter in ANAHEIM Ducks zone.
10:59 of 2nd period - Shot by Ryan Nugent-Hopkins.
10:59 of 2nd period - Stopped by Brian Elliott without a rebound.
11:00 of 2nd period - Jeff Carter wins face-off versus Sam Reinhart in ANAHEIM Ducks zone.
11:00 of 2nd period - Jeff Carter is hit by Rickard Rakell.
11:20 of 2nd period - Shot by Ryan Nugent-Hopkins.
11:20 of 2nd period - Stopped by Brian Elliott without a rebound.
11:21 of 2nd period - Auston Matthews wins face-off versus Jeff Carter in ANAHEIM Ducks zone.
11:24 of 2nd period - Shot by Auston Matthews.
11:24 of 2nd period - Stopped by Brian Elliott with a rebound.
11:40 of 2nd period - Shot by Auston Matthews.
11:40 of 2nd period - Shot Misses the Net.
11:42 of 2nd period - Shot by Michael Bunting.
11:42 of 2nd period - Stopped by Brian Elliott without a rebound.
11:43 of 2nd period - Sam Reinhart wins face-off versus Elias Lindholm in ANAHEIM Ducks zone.
11:54 of 2nd period - Shot by Sam Reinhart.
11:54 of 2nd period - Shot Blocked by Seth Jones.
13:57 of 2nd period - Icing by Mikey Anderson.
13:58 of 2nd period - Auston Matthews wins face-off versus Chandler Stephenson in ARIZONA Coyotes zone.
13:58 of 2nd period - Auston Matthews is hit by Elias Lindholm.
14:30 of 2nd period - Shot by Chandler Stephenson.
14:30 of 2nd period - Stopped by Andrei Vasilevskiy without a rebound.
14:31 of 2nd period - Mark Scheifele wins face-off versus David Kampf in ARIZONA Coyotes zone.
16:03 of 2nd period - Elias Lindholm is hit by Michael Bunting and loses puck.
18:17 of 2nd period - Shot by Jeff Carter.
18:17 of 2nd period - Stopped by Andrei Vasilevskiy without a rebound.
18:18 of 2nd period - Auston Matthews wins face-off versus Elias Lindholm in ARIZONA Coyotes zone.
18:18 of 2nd period - Joel Farabee and Vladislav Gavrikov fight to a draw.
18:18 of 2nd period - Penalty to Joel Farabee for Fighting.
18:18 of 2nd period - Penalty to Vladislav Gavrikov for Fighting.
18:19 of 2nd period - Sam Reinhart wins face-off versus Elias Lindholm in ARIZONA Coyotes zone.
18:19 of 2nd period - Sam Reinhart is hit by Chandler Stephenson.
18:52 of 2nd period - Icing by Sam Reinhart.
18:53 of 2nd period - Brayden Point wins face-off versus Auston Matthews in ARIZONA Coyotes zone.
19:12 of 2nd period - Auston Matthews is hit by Nathan MacKinnon and loses puck.
19:45 of 2nd period - Off-side.
19:46 of 2nd period - Elias Lindholm wins face-off versus Frederick Gaudreau in neutral zone.
19:52 of 2nd period - Elias Lindholm is hit by Roman Josi and loses puck.
19:57 of 2nd period - Shot by Chandler Stephenson.
19:57 of 2nd period - Stopped by Andrei Vasilevskiy with a rebound.
Goals for this period are 1 for ARIZONA Coyotes vs 0 for ANAHEIM Ducks.
Shots for this period are 9 for ARIZONA Coyotes vs 5 for ANAHEIM Ducks.

3rd period


0:01 of 3rd period - Auston Matthews wins face-off versus Brayden Point in neutral zone.
0:31 of 3rd period - Shot by Auston Matthews.
0:31 of 3rd period - Shot Blocked by Nathan MacKinnon.
1:25 of 3rd period - Mark Giordano is hit by Rickard Rakell and loses puck.
1:29 of 3rd period - Icing by Mark Giordano.
1:30 of 3rd period - Michael Bunting wins face-off versus Elias Lindholm in ANAHEIM Ducks zone.
1:30 of 3rd period - Frederick Gaudreau is hit by Ryan Lindgren and loses puck.
1:37 of 3rd period - Frederick Gaudreau is hit by Jeff Carter and loses puck.
2:04 of 3rd period - Shot by Michael Bunting.
2:04 of 3rd period - Stopped by Brian Elliott without a rebound.
2:05 of 3rd period - Brayden Point wins face-off versus Mark Scheifele in ANAHEIM Ducks zone.
2:41 of 3rd period - Shot by Brayden Point.
2:41 of 3rd period - Stopped by Andrei Vasilevskiy without a rebound.
2:42 of 3rd period - Nic Dowd wins face-off versus Auston Matthews in ARIZONA Coyotes zone.
2:54 of 3rd period - Patrick Maroon is hit by Mikey Anderson and loses puck.
3:05 of 3rd period - Patrick Maroon is hit by Auston Matthews and loses puck.
3:36 of 3rd period - Icing by Auston Matthews.
3:37 of 3rd period - Elias Lindholm wins face-off versus Auston Matthews in ARIZONA Coyotes zone.
3:37 of 3rd period - MacKenzie Weegar is hit by Mikey Anderson.
4:12 of 3rd period - Shot by Roman Josi.
4:12 of 3rd period - Stopped by Brian Elliott without a rebound.
4:13 of 3rd period - Brayden Point wins face-off versus Michael Bunting in ANAHEIM Ducks zone.
4:24 of 3rd period - Shot by Nathan MacKinnon.
4:24 of 3rd period - Deflect By Brayden Point.
4:24 of 3rd period - Stopped by Andrei Vasilevskiy without a rebound.
4:25 of 3rd period - Mark Scheifele wins face-off versus David Kampf in ARIZONA Coyotes zone.
4:25 of 3rd period - Roman Josi is hit by Jeff Carter and loses puck.
4:43 of 3rd period - Minor Penalty to David Kampf for Interference.
4:44 of 3rd period - Auston Matthews wins face-off versus Elias Lindholm in ANAHEIM Ducks zone.
4:53 of 3rd period - Shot by Artemi Panarin.
4:53 of 3rd period - Stopped by Brian Elliott with a rebound.
6:10 of 3rd period - Shot by Sam Reinhart.
6:10 of 3rd period - Stopped by Brian Elliott with a rebound.
6:36 of 3rd period - Shot by Roman Josi.
6:36 of 3rd period - Shot Blocked by Ryan Lindgren.
6:51 of 3rd period - Shot by Brayden Point.
6:51 of 3rd period - Shot Misses the Net.
6:55 of 3rd period - Shot by Nathan MacKinnon.
6:55 of 3rd period - Shot Misses the Net.
7:08 of 3rd period - Shot by Brayden Point.
7:08 of 3rd period - Shot Misses the Net.
7:10 of 3rd period - Shot by Brayden Point.
7:10 of 3rd period - Shot Blocked by Jonas Siegenthaler.
7:12 of 3rd period - Shot by Nick Paul.
7:12 of 3rd period - Shot Misses the Net.
7:16 of 3rd period - Shot by Nathan MacKinnon.
7:16 of 3rd period - Shot Misses the Net.
7:18 of 3rd period - Shot by Nick Paul.
7:18 of 3rd period - Shot Blocked by Alec Martinez.
7:20 of 3rd period - Shot by Nathan MacKinnon.
7:20 of 3rd period - Stopped by Andrei Vasilevskiy without a rebound.
7:21 of 3rd period - Frederick Gaudreau wins face-off versus Warren Foegele in ARIZONA Coyotes zone.
7:55 of 3rd period - Shot by Jeff Carter.
7:55 of 3rd period - Deflect By Warren Foegele.
7:55 of 3rd period - Stopped by Andrei Vasilevskiy without a rebound.
7:56 of 3rd period - Nic Dowd wins face-off versus Auston Matthews in ARIZONA Coyotes zone.
8:01 of 3rd period - Shot by Nic Dowd.
8:01 of 3rd period - Deflect By Derick Brassard.
8:01 of 3rd period - Goal by Derick Brassard - ARIZONA Coyotes : 4 - ANAHEIM Ducks : 1.
8:02 of 3rd period - Brayden Point wins face-off versus Auston Matthews in neutral zone.
8:02 of 3rd period - Nathan MacKinnon is hit by Auston Matthews and loses puck.
8:13 of 3rd period - Shot by Seth Jones.
8:13 of 3rd period - Stopped by Andrei Vasilevskiy with a rebound.
8:35 of 3rd period - Shot by Brayden Point.
8:35 of 3rd period - Shot Misses the Net.
10:25 of 3rd period - Shot by Warren Foegele.
10:25 of 3rd period - Stopped by Andrei Vasilevskiy with a rebound.
10:33 of 3rd period - Shot by Jeff Carter.
10:33 of 3rd period - Shot Misses the Net.
10:35 of 3rd period - Shot by Ryan Lindgren.
10:35 of 3rd period - Shot Misses the Net.
10:49 of 3rd period - Shot by Mark Giordano.
10:49 of 3rd period - Shot Misses the Net.
10:51 of 3rd period - Shot by David Kampf.
10:51 of 3rd period - Stopped by Andrei Vasilevskiy without a rebound.
10:52 of 3rd period - Nic Dowd wins face-off versus Auston Matthews in ARIZONA Coyotes zone.
10:59 of 3rd period - Shot by Derick Brassard.
10:59 of 3rd period - Shot Misses the Net.
11:17 of 3rd period - Auston Matthews is hit by Patrick Maroon and loses puck.
11:18 of 3rd period - Minor Penalty to Nic Dowd for Slashing.
11:19 of 3rd period - Auston Matthews wins face-off versus Elias Lindholm in ANAHEIM Ducks zone.
11:26 of 3rd period - Shot by Auston Matthews.
11:26 of 3rd period - Deflect By Mark Scheifele.
11:26 of 3rd period - Shot Misses the Net.
12:11 of 3rd period - Shot by Sam Reinhart.
12:11 of 3rd period - Shot Blocked by Justin Holl.
12:13 of 3rd period - Shot by Ryan Hartman.
12:13 of 3rd period - Shot Misses the Net.
12:15 of 3rd period - Shot by Ryan Hartman.
12:15 of 3rd period - Shot Misses the Net.
12:17 of 3rd period - Shot by Scott Mayfield.
12:17 of 3rd period - Stopped by Brian Elliott without a rebound.
12:18 of 3rd period - Sam Reinhart wins face-off versus Jeff Carter in ANAHEIM Ducks zone.
12:21 of 3rd period - Shot by Ryan Nugent-Hopkins.
12:21 of 3rd period - Stopped by Brian Elliott without a rebound.
12:22 of 3rd period - Jeff Carter wins face-off versus Sam Reinhart in ANAHEIM Ducks zone.
13:12 of 3rd period - Icing by Roman Josi.
13:13 of 3rd period - Jeff Carter wins face-off versus Auston Matthews in ARIZONA Coyotes zone.
13:18 of 3rd period - Shot by Jeff Carter.
13:18 of 3rd period - Shot Misses the Net.
13:21 of 3rd period - Icing by Alec Martinez.
13:22 of 3rd period - Brayden Point wins face-off versus Brandon Sutter in ARIZONA Coyotes zone.
13:24 of 3rd period - Nathan MacKinnon is hit by Jonas Siegenthaler and loses puck.
13:32 of 3rd period - Icing by Jonas Siegenthaler.
13:33 of 3rd period - Brandon Sutter wins face-off versus David Kampf in ARIZONA Coyotes zone.
13:33 of 3rd period - Brandon Sutter is hit by Warren Foegele.
13:50 of 3rd period - Shot by Brandon Sutter.
13:50 of 3rd period - Stopped by Brian Elliott without a rebound.
13:51 of 3rd period - Auston Matthews wins face-off versus Brayden Point in ANAHEIM Ducks zone.
13:52 of 3rd period - Shot by Roman Josi.
13:52 of 3rd period - Shot Blocked by Brett Pesce.
14:11 of 3rd period - Artemi Panarin is hit by MacKenzie Weegar and loses puck.
14:15 of 3rd period - Minor Penalty to MacKenzie Weegar for Delaying the game.
14:16 of 3rd period - Auston Matthews wins face-off versus Elias Lindholm in ANAHEIM Ducks zone.
14:53 of 3rd period - Off-side.
14:54 of 3rd period - Sam Reinhart wins face-off versus Elias Lindholm in neutral zone.
15:13 of 3rd period - Shot by Scott Mayfield.
15:13 of 3rd period - Shot Blocked by Ryan Lindgren.
15:23 of 3rd period - Shot by Rickard Rakell.
15:23 of 3rd period - Shot Misses the Net.
15:25 of 3rd period - Shot by Ryan Hartman.
15:25 of 3rd period - Shot Misses the Net.
15:27 of 3rd period - Shot by Ryan Hartman.
15:27 of 3rd period - Shot Misses the Net.
15:29 of 3rd period - Shot by Michael Bunting.
15:29 of 3rd period - Shot Blocked by Ryan Lindgren.
15:53 of 3rd period - Shot by Roman Josi.
15:53 of 3rd period - Stopped by Brian Elliott without a rebound.
15:54 of 3rd period - Jeff Carter wins face-off versus Auston Matthews in ANAHEIM Ducks zone.
16:37 of 3rd period - Icing by Alec Martinez.
16:38 of 3rd period - Brandon Sutter wins face-off versus Nic Dowd in ARIZONA Coyotes zone.
16:44 of 3rd period - Pierre-Edouard Bellemare is hit by Justin Holl and loses puck.
16:47 of 3rd period - Shot by Brandon Sutter.
16:47 of 3rd period - Shot Misses the Net.
16:49 of 3rd period - Shot by Brandon Sutter.
16:49 of 3rd period - Stopped by Brian Elliott without a rebound.
16:50 of 3rd period - Mark Scheifele wins face-off versus Brayden Point in ANAHEIM Ducks zone.
16:51 of 3rd period - Shot by Vladislav Gavrikov.
16:51 of 3rd period - Shot Misses the Net.
16:53 of 3rd period - Shot by Ryan Nugent-Hopkins.
16:53 of 3rd period - Shot Misses the Net.
16:59 of 3rd period - Shot by Ryan Nugent-Hopkins.
16:59 of 3rd period - Shot Blocked by Nick Paul.
17:17 of 3rd period - Shot by Mark Scheifele.
17:17 of 3rd period - Shot Misses the Net.
17:19 of 3rd period - Shot by Ryan Nugent-Hopkins.
17:19 of 3rd period - Shot Misses the Net.
17:25 of 3rd period - Shot by Rickard Rakell.
17:25 of 3rd period - Shot Blocked by Brett Pesce.
17:40 of 3rd period - Icing by Brett Pesce.
17:41 of 3rd period - Auston Matthews wins face-off versus Brayden Point in ANAHEIM Ducks zone.
17:58 of 3rd period - Shot by Sam Reinhart.
17:58 of 3rd period - Shot Misses the Net.
18:58 of 3rd period - Shot by Ryan Hartman.
18:58 of 3rd period - Shot Blocked by Mark Giordano.
19:00 of 3rd period - Shot by Michael Bunting.
19:00 of 3rd period - Shot Misses the Net.
19:02 of 3rd period - Shot by Ryan Hartman.
19:02 of 3rd period - Shot Misses the Net.
19:18 of 3rd period - Shot by Elias Lindholm.
19:18 of 3rd period - Stopped by Andrei Vasilevskiy without a rebound.
19:19 of 3rd period - David Kampf wins face-off versus Mark Scheifele in ARIZONA Coyotes zone.
19:20 of 3rd period - Shot by Jeff Carter.
19:20 of 3rd period - Shot Misses the Net.
19:41 of 3rd period - Shot by Seth Jones.
19:41 of 3rd period - Shot Misses the Net.
19:47 of 3rd period - Justin Holl is hit by Mark Scheifele and loses puck.
Goals for this period are 0 for ARIZONA Coyotes vs 1 for ANAHEIM Ducks.
Shots for this period are 9 for ARIZONA Coyotes vs 9 for ANAHEIM Ducks. Output by the SimonT Hockey Simulator (STHS) for Martin Benoit - Original Page W3C HTML5 Valid
Hockey Simulator - Hockey Simulation - Hockey Manager